 Seeded DCSS version 0.31-a0-865-g3d5d91748a (webtiles) character file.

Game seed: 20231011 (custom seed)

261 a11behringer the Changeling (level 5, 0/45 HPs)
             Began as a Draconian Shapeshifter on Oct 11, 2023.
             Slain by a sleepcap (2 damage)
             ... on level 4 of the Dungeon.
             The game lasted 00:07:46 (2745 turns).

a11behringer the Changeling (DrSh)                  Turns: 2745, Time: 00:07:47

Health: 0/45       AC:  5    Str: 19    XL:     5   Next: 96%
Magic:  5/5        EV: 12    Int: 10    God:
Gold:   143        SH:  0    Dex: 10    Spells: 4/4 levels left

rFire   + .          .
                       - Unarmed
rCold   . . .        (no shield)
rNeg    . . .        (body armour unavailable)
rPois   .            (helmet currently unavailable)
rElec   .            (cloak currently unavailable)
rCorr   .            (gloves currently unavailable)
SInv    .            (boots currently unavailable)
Will    +....        (no amulet)
Stlth   +            d - ring of willpower
HPRegen 0.27/turn    w - ring of protection from fire
MPRegen 0.09/turn

%: no passive effects
@: beast-form
A: beast (slay +2), AC +5, unfitting armour, cold-blooded
a: Begin Untransformation


You were on level 4 of the Dungeon.
You were a hulking beast.
You visited 1 branch of the dungeon, and saw 4 of its levels.

You collected 169 gold pieces.
You spent 26 gold pieces at shops.

Inventory:

Missiles
 n - 3 boomerangs
Magical Staves
 u - a staff of death
Jewellery
 d - a ring of willpower (left hand)
 f - an amulet of faith
 w - a ring of protection from fire (right hand)
Talismans
 b - a beast talisman (active)
 c - a flux talisman
 o - a blade talisman
Scrolls
 e - 2 scrolls of enchant armour {unknown}
 g - a scroll of enchant weapon {unknown}
 h - 2 scrolls of noise {unknown}
 i - a scroll of fog {unknown}
 j - 2 scrolls of teleportation
 p - 2 scrolls of fear {unknown}
 r - a scroll of revelation {unknown}
 s - 2 scrolls of poison {unknown}
Potions
 a - 2 potions of lignification
 k - a potion of berserk rage
 l - a potion of cancellation {unknown}
 m - a potion of degeneration {unknown}
 q - 2 potions of brilliance
 t - a potion of mutation {unknown}
 v - a potion of invisibility {unknown}


   Skills:
 + Level 3.0 Fighting
 + Level 2.9 Dodging
 + Level 4.0 Unarmed Combat
 * Level 4.5 Shapeshifting


You had 4 spell levels left.
You didn't know any spells.
Your spell library contained the following spells:

 Spells                   Type           Power      Damage    Failure   Level
 Sandblast                Erth           0%         2d4       36%         1
 Passwall                 Tmut/Erth      0%         N/A       50%         2
 Stone Arrow              Conj/Erth      0%         3d7       75%         3
 Brom's Barrelling Bould  Conj/Erth      0%         2d3       98%         4


Dungeon Overview and Level Annotations

Branches:
Dungeon (4/15)
 Temple: D:4-7

Altars:

Shops:
D:3 ?


Innate Abilities, Weirdness & Mutations

You are a hulking beast.
Your limbs bulge with bestial killing power. (Slay +2)
Your plain brown scales are hard. (AC +5)
You cannot fit into any form of body armour.
You are cold-blooded and may be slowed by cold attacks.


Message History

Found a stone staircase leading down.
The gnoll shouts!
You hear a shout!
A gnoll comes into view. It is wielding a +0 club.
The gnoll throws a stone.
The stone hits you.
There are monsters nearby!
The gnoll throws a stone.
The stone hits you.
A gnoll comes into view. It is wielding a +0 spear.
The gnoll shouts!
The gnoll throws a stone.
The stone misses you.
A sleepcap comes into view.
An adder comes into view.
You barely miss the gnoll.
A gnoll comes into view. It is wielding a +0 club.
The gnoll throws a stone.
The stone closely misses you.
The gnoll shouts!
You hit the gnoll.
The gnoll is lightly wounded.
The gnoll throws a stone.
The stone hits you. The gnoll misses you.
You closely miss the gnoll.
The gnoll is lightly wounded.
The gnoll hits you with a +0 club.
You hit the gnoll.
Your tail-slap misses the gnoll.
The gnoll is heavily wounded.
An orc comes into view. It is wielding a +0 club.
The gnoll hits you with a +0 club!
The gnoll hits you from afar with a +0 spear.
You are too injured to fight recklessly!
You are too injured to fight recklessly!
The gnoll hits you with a +0 club. The gnoll attacks as it pursues you!
The gnoll hits you from afar with a +0 spear.
* * * LOW HITPOINT WARNING * * *
The gnoll attacks as it pursues you! The gnoll closely misses you.
The gnoll attacks as it pursues you! The gnoll hits you with a +0 club.
* * * LOW HITPOINT WARNING * * *
The gnoll hits you from afar with a +0 spear.
* * * LOW HITPOINT WARNING * * *
The gnoll hits you from afar with a +0 spear.
* * * LOW HITPOINT WARNING * * *
The gnoll attacks as it pursues you! The gnoll hits you but does no damage.
The sleepcap attacks as it pursues you! The sleepcap releases spores at you.
You die...

#######...# #......#
..........###.###### #.
####.......##.# ....
###..........#
....########..........###
..............#..)))..#
.....................##
...........#..#.......#
..........ggg.fh......#
..........g.###.......#
...>........# ##.....##
............# ##....##
............# #..####
............# #.##
....#.....#.###.#
...##..####.#...# .#.
#.......#.###


You could see a sleepcap and 4 gnolls.

Vanquished Creatures
  2 orc priests
  Jessica (D:2)
  An orc wizard (D:4)
  4 gnolls
  3 adders
  2 worms
  A dart slug (D:1)
  6 orcs
  8 ball pythons
  5 endoplasms
  3 giant cockroaches
  5 goblins
  4 hobgoblins
  8 jackals (D:3)
  2 quokkas
  8 bats
  3 frilled lizards
  4 kobolds
  4 rats
74 creatures vanquished.

Notes
Turn   | Place    | Note
-------+----------+-------------------------------------------
     0 | D:1      | a11behringer the Draconian Shapeshifter began the quest for
                  | the Orb.
     0 | D:1      | Reached XP level 1. HP: 16/16 MP: 1/1
   234 | D:1      | Found a faded altar of an unknown god.
   300 | D:1      | Reached XP level 2. HP: 21/23 MP: 2/2
   515 | D:1      | HP: 1/23 [gnoll/+0 spear (5)]
  1014 | D:2      | Reached XP level 3. HP: 29/29 MP: 3/3
  1505 | D:2      | Noticed Jessica
  1513 | D:2      | Killed Jessica
  1514 | D:2      | Reached XP level 4. HP: 33/36 MP: 4/4
  1823 | D:3      | Reached XP level 5. HP: 32/42 MP: 5/5
  2077 | D:3      | Found Ahozom's Magic Scroll Shop.
  2134 | D:3      | Bought a scroll of identify for 26 gold pieces
  2741 | D:4      | HP: 1/45 [gnoll/+0 spear (3)]
  2745 | D:4      | Slain by a sleepcap

Illustrated notes

Levels and vault maps discovered:
D:1:      dpeg_arrival_solitude, layout_loops_corners, basic_ecumenical_altar,
          minmay_fountain_box
D:2:      layout_basic, uniq_jessica
D:3:      minmay_octagon_keep, layout_basic, serial_shops,
          nicolae_shop_peninsula, palyth_stone_intersect
D:4:      layout_rooms, grunt_ministairs_5

Skill      XL: |  1  2  3  4  5 |
---------------+----------------+-----
Dodging        | 2 |  2.9
Fighting       | 2 3 |  3.0
Shapeshifting  | 4 |  4.5
Unarmed Combat | 4 |  4.0

Action                     |  1- 3 |  4- 6 || total
---------------------------+-------+-------++-------
  Melee: Unarmed           |    74 |   132 ||   206
         Tailslap          |     7 |     8 ||    15
         Punch             |       |     5 ||     5
    Use: Scroll            |       |     3 ||     3
   Stab: Sleeping          |     1 |       ||     1
         Distracted        |       |     1 ||     1
 Armour: Skin              |    36 |   123 ||   159
  Dodge: Dodged            |    39 |   113 ||   152

Table legend: (Time is in decaauts)
 A = Elapsed time spent in this place.
 B = Non-inter-level travel time spent in this place.
 C = Inter-level travel time spent in this place.
 D = Time resting spent in this place.
 E = Time spent auto-exploring this place.
 F = Levels seen in this place.
 G = Mean time per level.
                   A        B        C        D        E       F      G
               +--------+--------+--------+--------+--------+-----+--------+
         Total |   2730 |   2527 |    203 |      0 |   2112 |   4 |  682.5 |
       Dungeon |   2730 |   2527 |    203 |      0 |   2112 |   4 |  682.5 |
               +--------+--------+--------+--------+--------+-----+--------+

Top non-repeatable levels by time:
     D:1: 987 daAuts
     D:3: 917 daAuts
     D:2: 617 daAuts
     D:4: 209 daAuts
